 Dungeon Crawl Stone Soup version 0.25-a0-513-ge77a69270c (webtiles) character file.

Game seed: 10195034465831486682, levelgen mode: deterministic

276 Forecaster the Magician (level 6, -4/50 HPs)
             Began as a Naga Wizard on Feb 16, 2020.
             Was a Follower of Yredelemnul.
             Slain by a troll (6 damage)
             ... on level 4 of the Dungeon.
             The game lasted 00:31:45 (3412 turns).

Forecaster the Magician (Naga Wizard)               Turns: 3412, Time: 00:31:45

Health: -4/50      AC:  3    Str: 10    XL:     6   Next: 25%
Magic:  0/13       EV: 10    Int: 19    God:    Yredelemnul [*.....]
Gold:   249        SH:  0    Dex: 10    Spells: 6/14 levels left

rFire    . . .     SeeInvis +   v - +1 dagger (speed)
rCold    . . .     Gourm    .   (no shield)
rNeg     . . .     Faith    .   s - +0 robe
rPois    +         Spirit   +   b - +0 hat
rElec    .         Reflect  .   g - scarf {Spirit}
rCorr    .         Harm     .   (no gloves)
MR       .....                  (no barding)
Stlth    ++........             x - amulet of magic regeneration
HPRegen  0.16/turn              (no ring)
MPRegen  0.38/turn              (no ring)

@: very slightly contaminated, very slow
A: large, see invisible, deformed body, poison resistance, slowness 2, slow
metabolism 1, spit poison 1, AC +2
a: Spit Poison, Animate Remains, Renounce Religion


You were on level 4 of the Dungeon.
You worshipped Yredelemnul.
Yredelemnul was aware of your devotion.
You were hungry.

You visited 1 branch of the dungeon, and saw 4 of its levels.

You collected 249 gold pieces.

Inventory:

Hand Weapons
 e - a +0 spear
 h - a +0 dagger
 i - a +0 dagger
 j - a +0 halberd
 l - a +0 hand axe of flaming
 n - a +0 short sword
 v - a +1 dagger of speed (weapon)
 y - a +0 hunting sling
 B - a +0 spear
Missiles
 c - 113 stones (quivered)
 m - 44 arrows
 r - 13 sling bullets
Armour
 a - a +0 robe
 b - a +0 hat (worn)
 f - a +0 leather armour
 g - a scarf of spirit shield (worn)
 k - a +0 leather armour
 s - a +0 robe (worn)
 u - a +0 chain mail
 w - a +0 plate armour
 z - a +0 robe
 E - a +0 leather armour
 F - a +0 robe
 H - a +0 robe
Jewellery
 x - an amulet of magic regeneration (around neck)
Scrolls
 o - 3 scrolls of teleportation
 A - a scroll of remove curse
 C - a scroll of blinking {unknown}
Potions
 p - a potion of might {unknown}
 q - a potion of cancellation {unknown}
 t - 2 potions of agility {unknown}
 G - a potion of curing {unknown}
 I - a potion of lignification {unknown}
Comestibles
 d - 6 rations


   Skills:
 + Level 0.5 Fighting
 + Level 0.5 Short Blades
 + Level 0.8 Polearms
 + Level 2.2 Dodging
 + Level 3.5 Stealth
 + Level 4.9 Spellcasting
 + Level 2.5 Conjurations
 + Level 1.8 Summonings
 + Level 1.0 Translocations
 + Level 0.1 Fire Magic


You had 6 spell levels left.
You knew the following spells:

 Your Spells              Type           Power        Failure   Level  Hunger
a - Magic Dart            Conj           ##..         4%          1    None
b - Call Imp              Summ           ##......     9%          2    #......
c - Blink                 Tloc           N/A          12%         2    #......
d - Conjure Flame         Conj/Fire      #.......     22%         3    ##.....

Your spell library contained the following spells:

 Spells                   Type           Power        Failure   Level  Hunger
 Slow                     Hex            #.......     19%         2    #......
 Mephitic Cloud           Conj/Pois/Air  #.......     26%         3    ##.....


Dungeon Overview and Level Annotations

Branches:
Dungeon (4/15)
 Temple: D:4-7

Altars:
Hepliaklqana
Uskayaw
Vehumet
Yredelemnul
Zin
The Shining One

Annotations:
D:4 1 transporter


Innate Abilities, Weirdness & Mutations

You cannot wear boots.
Your serpentine skin is tough. (AC +2)
You have supernaturally acute eyesight. (SInv)
Armour fits poorly on your strangely shaped body.
Your system is resistant to poisons. (rPois)
You cover ground very slowly.
You have a slow metabolism.
You can spit poison.


Message History

* * * LOW HITPOINT WARNING * * *
The hound barely misses you. The hound bites you.
* * * LOW HITPOINT WARNING * * *
The hound barely misses you. The hound barely misses you. The hound bites you.
* * * LOW HITPOINT WARNING * * *
The hound bites you.
* * * LOW HITPOINT WARNING * * *
The hound bites you.
* * * LOW HITPOINT WARNING * * *
The hound bites you but does no damage. The hound barely misses you.
The hound bites you.
* * * LOW HITPOINT WARNING * * *
The troll bites you!
* * * LOW HITPOINT WARNING * * *
The troll claws you!
You die...
Your body rises from the dead as a mindless zombie.

# #...#############
#
##########....#####
...
......#.....©.....##
### #...#########..#
#..##8$._$$8##.#
#..#..(%$$)..#.#
#..#..#...#..#.#
#..#.#h....#.#.#
#..#©@T......#.#
#..#.#.....#.#.#
#..#..#.©.#..#.#
#..#.........#.#
#..##8.....8##.#
#...#########..#
#.......©.....##
##........#####
#####...##


You could see a troll and a hound.

Vanquished Creatures
  2 orc wizards
  A worker ant (D:4)
  2 adders (D:2)
  2 gnolls (D:3)
  4 dart slugs
  2 leopard geckos (D:1)
  3 orcs
  2 bats
  2 giant cockroaches
  8 goblins
  8 hobgoblins
  2 jackals (D:2)
  8 kobolds
  6 frilled lizards
  5 rats
57 creatures vanquished.

Vanquished Creatures (collateral kills)
  The ghost of anet the Magician, an amateur DEWz (D:4)
  An orc priest (D:3)
  A worker ant (D:4)
  An adder (D:4)
  2 gnolls (D:3)
  A worm (D:4)
  2 orcs
  2 giant cockroaches
  A goblin (D:2)
  A hobgoblin (D:3)
  A rat (D:3)
14 creatures vanquished.

Grand Total: 71 creatures vanquished

Notes
Turn   | Place    | Note
-------+----------+-------------------------------------------
     0 | D:1      | Forecaster the Naga Wizard began the quest for the Orb.
     0 | D:1      | Reached XP level 1. HP: 15/15 MP: 4/4
   156 | D:1      | Reached XP level 2. HP: 22/22 MP: 4/6
   377 | D:1      | Learned a level 2 spell: Call Imp
   557 | D:1      | Reached XP level 3. HP: 21/28 MP: 5/8
   937 | D:2      | Found a glowing golden altar of the Shining One.
  1128 | D:2      | Found a basalt altar of Yredelemnul.
  1139 | D:2      | Reached XP level 4. HP: 29/36 MP: 2/9
  1182 | D:2      | Became a worshipper of Yredelemnul the Dark
  1264 | D:2      | Learned a level 2 spell: Blink
  1268 | D:2      | Learned a level 3 spell: Conjure Flame
  1664 | D:3      | Reached skill level 4 in Spellcasting
  2518 | D:3      | Reached XP level 5. HP: 27/43 MP: 1/11
  2602 | D:3      | Found a glowing silver altar of Zin.
  2605 | D:3      | Found a radiant altar of Vehumet.
  2607 | D:3      | Found a hazy altar of Hepliaklqana.
  3073 | D:4      | Reached * piety under Yredelemnul
  3133 | D:4      | Found a runed translucent door.
  3138 | D:4      | Noticed anet's ghost (amateur DEWz)
  3148 | D:4      | Reached XP level 6. HP: 23/50 MP: 8/13
  3156 | D:4      | Killed anet's ghost
  3165 | D:4      | Found a runed translucent door.
  3294 | D:4      | Found a hide-covered altar of Uskayaw.
  3294 | D:4      | Noticed a troll
  3296 | D:4      | Found a transporter.
  3315 | D:4      | Found a transporter.
  3412 | D:4      | HP: 2/50 [troll (6)]
  3412 | D:4      | Slain by a troll

Levels and vault maps discovered:
D:1:      saegor_arrival_simple_a, layout_rooms, hangedman_feature_mirror
D:2:      layout_basic, old_standard_altar, yredelemnul_altar_generic,
          grunt_ministairs_3, nrook_loot_triangle
D:3:      layout_loops_corners, grunt_temple_overflow_open
D:4:      layout_basic, gammafunk_temple_overflow_arena,
          overflow_temple_1_default, ebering_ghost_sewer_f

Skill      XL: |  1  2  3  4 |
---------------+-------------+-----
Dodging        | 2 |  2.2
Spellcasting   | 4 |  4.9
Conjurations   | 2 |  2.5
Fighting       | |  0.5
Short Blades   | |  0.5
Polearms       | |  0.8
Stealth        | |  3.5
Summonings     | |  1.8
Translocations | |  1.0
Fire Magic     | |  0.1

Action                   |  1- 3 |  4- 6 || total
-------------------------+-------+-------++-------
Melee: Spear             |    35 |     9 ||    44
       Dagger            |       |    76 ||    76
 Cast: Magic Dart        |    73 |    76 ||   149
       Call Imp          |       |    19 ||    19
       Conjure Flame     |       |     5 ||     5
  Use: Scroll            |       |     6 ||     6
       Potion            |       |     2 ||     2
  Eat: Chunk             |       |     6 ||     6
Armor: Robe              |     7 |    20 ||    27
Dodge: Dodged            |    40 |    70 ||   110

Table legend:
 A = Non-vault XP
 B = Vault XP
 C = Vault XP percentage of total XP
 D = Non-vault monster count
 E = Vault monster count
 F = Vault count percentage of total count
                 A         B        C        D         E       F
            +---------+---------+-------+---------+---------+-------
      Total |     325 |      70 |  17.7 |      63 |       8 |  11.3
            +---------+---------+-------+---------+---------+-------
        D:1 |      34 |       5 |  12.8 |      17 |       2 |  10.5
        D:2 |      60 |       5 |   7.7 |      21 |       2 |   8.7
        D:3 |     131 |       0 |   0.0 |      18 |       0 |   0.0
        D:4 |     100 |      60 |  37.5 |       7 |       4 |  36.4
            +---------+---------+-------+---------+---------+-------
